 Dungeon Crawl Stone Soup version 0.30.0-29-ga12c61a403 (webtiles) character file.

Game seed: 2573550579237866958

58655 Nicoed the Worldbinder (level 14, 0/68 HPs)
             Began as a Deep Elf Summoner on June 23, 2023.
             Was an Elder of Sif Muna.
             Killed by divine providence
             ... invoked by a meliai
              (8 damage)
             ... on level 15 of the Dungeon.
             The game lasted 00:48:08 (18037 turns).

Nicoed the Worldbinder (Deep Elf Summoner)         Turns: 18037, Time: 00:48:09

Health: 0/68       AC: 15    Str:  5    XL:     14   Next: 50%
Magic:  26/32      EV: 18    Int: 26    God:    Sif Muna [****..]
Gold:   463        SH:  5    Dex: 15    Spells: 12/37 levels left

rFire   + + .        (no weapon)
rCold   + . .        (no shield)
rNeg    . . .        S - +2 robe {rF+}
rPois   .            W - +2 helmet
rElec   .            Q - +2 cloak
rCorr   .            s - +0 pair of gloves
SInv    .            V - +3 pair of mountain boots {steadfast, rC+}
Will    +....        f - amulet of reflection
Stlth   ++           l - ring of protection from fire
HPRegen 0.31/turn    R - +5 ring of evasion
MPRegen 0.23/turn

%: reflection
@: no status effects
A: no striking features
a: Renounce Religion, Channel Magic, Forget Spell, Divine Exegesis


You were on level 15 of the Dungeon.
You worshipped Sif Muna.
Sif Muna was greatly pleased with you.
You visited 3 branches of the dungeon, and saw 18 of its levels.
You also visited: Ossuary.

You collected 2151 gold pieces.
You spent 1688 gold pieces at shops.

Inventory:

Armour
 s - a +0 pair of gloves (worn)
 Q - a +2 cloak (worn)
 S - a +2 robe of fire resistance (worn)
 V - the +3 pair of mountain boots (worn) {steadfast, rC+}
   (You bought it in a shop on level 2 of the Orcish Mines)

   Steadfast: It prevents involuntary movement, except for blinking,
   teleportation, or banishment.
   rC:        It protects you from cold.
 W - a +2 helmet (worn)
Magical Staves
 E - a staff of earth
 X - a staff of death
Jewellery
 f - an amulet of reflection (around neck)
 l - a ring of protection from fire (left hand)
 u - an amulet of regeneration
 v - a ring of ice
 y - a ring of resist corrosion
 C - a ring of protection from cold
 R - a +5 ring of evasion (right hand)
Wands
 I - a wand of flame (53)
 L - a wand of iceblast (11)
 O - a wand of mindburst (5)
 P - a wand of charming (5)
 Y - a wand of acid (4)
 Z - a wand of digging (7)
Scrolls
 c - a scroll of enchant armour
 d - 2 scrolls of enchant weapon
 h - 2 scrolls of poison
 i - 3 scrolls of vulnerability
 j - 5 scrolls of immolation
 k - 7 scrolls of teleportation
 o - 2 scrolls of fog
 p - a scroll of noise {unknown}
 q - a scroll of blinking
 t - a scroll of silence
 B - 2 scrolls of amnesia
 D - a scroll of brand weapon
 G - 2 scrolls of magic mapping
 M - 2 scrolls of butterflies
 N - a scroll of fear
 U - a scroll of identify
Potions
 a - a potion of berserk rage
 b - 2 potions of magic
 e - 6 potions of mutation
 g - 4 potions of might
 m - 3 potions of ambrosia
 n - a potion of heal wounds
 r - 4 potions of resistance
 w - 6 potions of brilliance
 x - 3 potions of curing
 z - 3 potions of flight
 A - a potion of lignification
 F - 2 potions of haste
 J - a potion of attraction
 K - 2 potions of cancellation
Miscellaneous
 H - a phantom mirror


   Skills:
 - Level 3.0 Dodging
 - Level 3.0 Stealth
 - Level 12.0 Spellcasting
 * Level 25.3 Summonings


You had 12 spell levels left.
You knew the following spells:

 Your Spells              Type           Power      Damage    Failure   Level
a - Summon Horrible Thin  Summ           49%        N/A       1%          8
b - Call Imp              Summ           100%       N/A       0%          2
c - Call Canine Familiar  Summ           99%        N/A       0%          3
d - Summon Guardian Gole  Hex/Summ       69%        N/A       1%          3
e - Summon Lightning Spi  Summ/Air       69%        N/A       1%          4
f - Summon Forest         Summ/Tloc      34%        N/A       1%          5

Your spell library contained the following spells:

 Spells                   Type           Power      Damage    Failure   Level
 Summon Small Mammal      Summ           100%       N/A       0%          1
 Apportation              Tloc           30%        N/A       3%          1
 Beastly Appendage        Tmut           30%        N/A       3%          1
 Foxfire                  Conj/Fire      60%        2x1d7     3%          1
 Kiss of Death            Conj/Necr      60%        2d10      3%          1
 Necrotise                Necr           60%        1d7       3%          1
 Ensorcelled Hibernation  Hex/Ice        30%        N/A       5%          2
 Poisonous Vapours        Pois/Air       30%        N/A       5%          2
 Wereblood                Tmut           15%        N/A       5%          2
 Confusing Touch          Hex            15%        N/A       11%         3
 Inner Flame              Hex/Fire       15%        N/A       11%         3
 Mephitic Cloud           Conj/Pois/Air  15%        N/A       11%         3
 Portal Projectile        Hex/Tloc       30%        N/A       11%         3
 Spider Form              Tmut/Pois      15%        N/A       11%         3
 Volatile Blastmotes      Fire/Tloc      30%        2d12      11%         3
 Dispel Undead            Necr           15%        3d10      36%         4
 Flame Wave               Conj/Fire      15%        2d7       36%         4
 Fulminant Prism          Conj/Hex       7%         3d6       36%         4
 Iskenderun's Mystic Bla  Conj/Tloc      15%        2d5       36%         4
 Leda's Liquefaction      Hex/Erth       7%         N/A       36%         4
 Sticky Flame             Conj/Fire      15%        2d4       36%         4
 Borgnjor's Vile Clutch   Necr/Erth      7%         N/A       71%         5
 Fireball                 Conj/Fire      7%         3d5       71%         5
 Freezing Cloud           Conj/Ice/Air   7%         6-21      71%         5
 Lee's Rapid Deconstruct  Erth           7%         3d7*      71%         5
 Yara's Violent Unravell  Hex/Tmut       7%         3d5       71%         5
 Plasma Beam              Fire/Air       7%         2x1d20    99%         6
 Starburst                Conj/Fire      7%         6d4       99%         6
 Ozocubu's Refrigeration  Ice            7%         4d9       100%        7


Dungeon Overview and Level Annotations

Branches:
Dungeon (15/15)            Temple (1/1) D:6            Lair (0/5) D:11
    Orc (2/2) D:11            Elf (0/3) Orc:2        Vaults (0/5) D:14
 Depths (0/4) D:15        Ossuary (visited)

Altars:
Ashenzari
Cheibriados
Dithmenos
Elyvilon
Fedhas
Gozag
Hepliaklqana
Kikubaaqudgha
Makhleb
Nemelex Xobeh
Okawaru
Qazlal
Ru
Sif Muna
Trog
Uskayaw
Vehumet
Wu Jian
Xom
Yredelemnul
Zin
The Shining One

Shops:
D:3 !   D:7 *   D:10 :   Orc:2 =[(*


Message History

The meliai hits your large abomination with a +0 hand axe.
The meliai stings your large abomination but does no damage.
Unknown command.
Unknown command.
Unknown command.
The meliai calls upon its god to heal the meliai.
The meliai's wounds heal themselves!
The meliai hits your large abomination but does no damage.
The meliai completely misses your large abomination.
Your large abomination completely misses the meliai.
The meliai barely misses your large abomination.
The meliai stings your large abomination.
Your large abomination is destroyed!
Your large abomination disappears in a puff of smoke!
Press: ? - help, v - describe, . - travel, g - get item
Here: a meliai, wielding a +0 hand axe and wearing a +0 leather armour (ally target)
Items here: a +0 hand axe; a +0 leather armour; a meliai corpse.
The floor.
Unknown command.
The meliai hits your large abomination with a +0 hand axe.
The meliai stings your large abomination.
The meliai hits your large abomination with a +0 hand axe!
The meliai stings your large abomination!
The meliai hits your large abomination with a +0 hand axe.
The meliai stings your large abomination!
Your large abomination closely misses the meliai.
The meliai barely misses your large abomination.
The meliai stings your large abomination!
Unknown command.
The meliai mumbles some strange prayers to its god against you.
Something smites you!
The meliai mumbles some strange prayers to its god against you.
Something smites you!
* * * LOW HITPOINT WARNING * * *
Your large abomination hits the meliai!!
The meliai dies!
Sif Muna accepts your kill.
The meliai invokes the aid of its god against you.
Something smites you!
You die...

#.# #y# #X# .. #X# #. #X#
#.##X########
#.#.X.......#
#...........# #
##..@.......#
##############).........#
.............)..........#
###############.........#
#.........# #.........#
#.........# #.........# #
##.########


You could see a meliai (ally target), a friendly tentacled monstrosity
(summoned) and 4 friendly large abominations.

Vanquished Creatures (collateral kills)
  An orc warlord (Orc:2)
  2 very ugly things (D:15)
  An ettin (Orc:2)
  A hydra (D:13)
  A rakshasa (D:15)
  3 centaur warriors
  A catoblepas (D:13)
  A boulder beetle (D:12)
  2 dancing weapons (D:14)
  2 death knights
  3 tengu warriors (D:13)
  5 two-headed ogres
  7 orc high priests
  6 skeletal warriors
  An orb spider (shapeshifter) (D:15)
  A flayed ghost (D:13)
  A glowing orange brain (D:15)
  7 deep elf pyromancers
  4 orc knights
  2 phantasmal warriors (D:15)
  10 ugly things
  3 orc sorcerers (Orc:2)
  2 manticores (D:14)
  2 cyclopes
  A guardian serpent (shapeshifter) (D:15)
  An unseen horror (D:12)
  A gargoyle (D:12)
  3 kobold demonologists
  2 efreet
  A freezing wraith (D:15)
  A yaktaur (D:13)
  2 meliai (D:15)
  A polar bear (shapeshifter) (D:13)
  A wolf spider simulacrum (D:14)
  5 trolls
  3 hornets
  A nameless horror (Orc:2)
  10 slime creatures
  3 wraiths
  A centaur simulacrum (D:13)
  2 basilisks
  8 yaks
  A shadow (D:11)
  2 vampires
  3 humans (D:8)
  A steam dragon (D:6)
  6 vampire mosquitoes
  11 wargs
  2 acid dragons (D:9)
  4 black bears
  An ice beast (D:5)
  30 orc warriors
  A swamp drake (D:11)
  7 centaurs
  9 ogres
  A phantom (D:6)
  4 bullfrogs
  3 kobold brigands
  2 elf zombies (Ossuary)
  A gnoll sergeant (D:8)
  A scorpion (D:11)
  10 wights
  13 killer bees
  6 howler monkeys
  3 hounds
  A jelly (D:8)
  10 orc priests
  A human zombie (Ossuary)
  2 sleepcaps
  Terence (D:3)
  4 iguanas
  15 orc wizards
  2 mummies (Ossuary)
  5 gnolls
  5 adders
  2 white imps
  An ufetubus (D:6)
  2 worms
  A dart slug (D:4)
  58 orcs
  8 ball pythons
  5 endoplasms
  4 giant cockroaches
  9 goblins
  8 hobgoblins
  17 kobolds
  5 quokkas
  6 bats
  6 gnoll zombies (Ossuary)
  A goblin zombie (Ossuary)
  3 hobgoblin zombies (Ossuary)
  An orc zombie (Ossuary)
  22 rats
443 creatures vanquished.

Vanquished Creatures (others)
  A manticore (D:11)
  A cyclops (D:11)
  Maurice (D:9)
  3 humans (D:8)
  6 yaks
  A vampire mosquito (D:10)
  A bullfrog (D:8)
  4 wights (D:7)
  3 killer bees (D:7)
  An iguana (D:7)
  2 orc priests (D:11)
  An orc wizard (D:9)
  2 gnolls (D:8)
27 creatures vanquished.

Grand Total: 470 creatures vanquished

Notes
Turn   | Place    | Note
-------+----------+-------------------------------------------
     0 | D:1      | Nicoed the Deep Elf Summoner began the quest for the Orb.
     0 | D:1      | Reached XP level 1. HP: 10/10 MP: 6/6
   501 | D:1      | Reached XP level 2. HP: 15/15 MP: 5/8
   507 | D:1      | Learned a level 2 spell: Call Imp
  1332 | D:2      | Reached skill level 5 in Summonings
  1492 | D:2      | Reached XP level 3. HP: 19/19 MP: 5/9
  1536 | D:2      | You fall into a shaft and drop 1 floor!
  1547 | D:2      | Learned a level 3 spell: Call Canine Familiar
  2348 | D:3      | Found a faded altar of an unknown god.
  2487 | D:3      | Reached skill level 6 in Summonings
  2487 | D:3      | Reached XP level 4. HP: 22/24 MP: 4/10
  2610 | D:3      | Learned a level 3 spell: Summon Guardian Golem
  2697 | D:3      | Found Retekabi's Distillery.
  2845 | D:3      | Noticed Terence
  2863 | D:3      | Killed Terence
  3347 | D:3      | Bought 2 potions of brilliance for 80 gold pieces
  3347 | D:3      | Bought a potion of curing for 30 gold pieces
  3466 | D:4      | Reached XP level 5. HP: 28/28 MP: 7/11
  3627 | D:4      | Reached skill level 7 in Summonings
  3657 | D:4      | Noticed a black bear
  3663 | D:4      | Killed a black bear
  3664 | D:4      | Reached XP level 6. HP: 32/32 MP: 4/12
  4099 | D:5      | Entered Level 5 of the Dungeon
  4099 | D:5      | Noticed an ice beast
  4105 | D:5      | Killed an ice beast
  4106 | D:5      | Reached skill level 8 in Summonings
  4343 | D:5      | Reached skill level 9 in Summonings
  4343 | D:5      | Reached XP level 7. HP: 36/36 MP: 6/13
  4758 | D:6      | Reached skill level 10 in Summonings
  4782 | D:6      | Noticed a steam dragon
  4795 | D:6      | Killed a steam dragon
  5216 | D:6      | Found a staircase to the Ecumenical Temple.
  5221 | Temple   | Entered the Ecumenical Temple
  5501 | Temple   | Became a worshipper of Sif Muna the Loreminder
  5529 | D:6      | Reached XP level 8. HP: 41/41 MP: 11/14
  5579 | D:6      | Reached skill level 11 in Summonings
  5745 | D:7      | Found a sand-covered staircase.
  5752 | Ossuary  | Entered an ossuary
  5952 | D:7      | Reached skill level 12 in Summonings
  6147 | D:7      | Reached * piety under Sif Muna
  6163 | D:7      | Reached skill level 13 in Summonings
  6349 | D:7      | Reached XP level 9. HP: 45/45 MP: 6/15
  6484 | D:7      | Found Piqor's Assorted Antiques.
  6489 | D:7      | Bought a scroll labelled HEXAKU SODEEWAKH for 20 gold
                  | pieces
  6489 | D:7      | Bought a scroll labelled UPEZ YTOAMETU for 20 gold pieces
  6489 | D:7      | Bought a scroll labelled YLUYBI WEUTIO for 20 gold pieces
  6489 | D:7      | Bought a scroll labelled YLUYBI WEUTIO for 20 gold pieces
  6489 | D:7      | Bought a scroll labelled HEXAKU SODEEWAKH for 20 gold
                  | pieces
  6489 | D:7      | Bought an emerald potion for 18 gold pieces
  7021 | D:3      | Bought a potion of curing for 30 gold pieces
  7021 | D:3      | Bought a potion of magic for 80 gold pieces
  7021 | D:3      | Bought a potion of cancellation for 80 gold pieces
  7021 | D:3      | Bought a potion of magic for 80 gold pieces
  7236 | D:8      | Reached skill level 14 in Summonings
  7555 | D:8      | Reached ** piety under Sif Muna
  7692 | D:8      | Reached skill level 15 in Summonings
  7713 | D:8      | HP: 1/45 [human/sling bullet (13)]
  7719 | D:8      | HP: 2/45 [human/sling bullet (6)]
  7748 | D:8      | Reached XP level 10. HP: 11/50 MP: 9/16
  8126 | D:9      | Reached skill level 16 in Summonings
  8416 | D:9      | Learned a level 4 spell: Summon Lightning Spire
  8718 | D:9      | Reached skill level 17 in Summonings
  8834 | D:9      | Noticed Maurice
  8850 | D:9      | Killed Maurice
  9299 | D:9      | Found a snail-covered altar of Cheibriados.
  9592 | D:10     | Entered Level 10 of the Dungeon
  9811 | D:10     | Reached skill level 18 in Summonings
  9815 | D:10     | Reached *** piety under Sif Muna
  9900 | D:10     | Reached XP level 11. HP: 54/54 MP: 4/17
 10072 | D:10     | Found Gaixokh's Tiny Tomes.
 10081 | D:10     | Bought the Writings on Assembling for 252 gold pieces
 10682 | D:11     | Noticed a two-headed ogre
 10690 | D:11     | Killed a two-headed ogre
 10777 | D:11     | Reached skill level 5 in Spellcasting
 10777 | D:11     | Reached skill level 19 in Summonings
 10809 | D:11     | Noticed a two-headed ogre
 10819 | D:11     | Killed a two-headed ogre
 10959 | D:11     | Reached **** piety under Sif Muna
 11002 | D:11     | Noticed a two-headed ogre
 11010 | D:11     | Killed a two-headed ogre
 11285 | D:11     | Found a staircase to the Lair.
 11305 | D:11     | Learned a level 8 spell: Summon Horrible Things
 11460 | D:11     | Found a staircase to the Orcish Mines.
 11548 | Orc:1    | Entered Level 1 of the Orcish Mines
 11610 | Orc:1    | Noticed an orc high priest
 11617 | Orc:1    | Killed an orc high priest
 11624 | Orc:1    | Noticed an orc knight
 11640 | Orc:1    | Killed an orc knight
 11703 | Orc:1    | Reached skill level 20 in Summonings
 12214 | Orc:2    | Entered Level 2 of the Orcish Mines
 12214 | Orc:2    | Noticed an orc sorcerer
 12215 | Orc:2    | Noticed an orc high priest
 12216 | Orc:2    | Noticed an orc high priest
 12218 | Orc:2    | Killed an orc sorcerer
 12218 | Orc:2    | Noticed an orc warlord
 12219 | Orc:2    | Reached XP level 12. HP: 59/59 MP: 3/26
 12380 | Orc:2    | Reached ***** piety under Sif Muna
 12413 | Orc:2    | Noticed an orc high priest
 12413 | Orc:2    | Found a staircase to the Elven Halls.
 12418 | Orc:2    | Received a gift from Sif Muna
 12419 | Orc:2    | Killed an orc high priest
 12553 | Orc:2    | Found Ecuif's General Store.
 12558 | Orc:2    | Got Sif Muna's Excursus on Ghastly Hoarfrost {god gift}
 12595 | Orc:2    | Found a burning altar of Makhleb.
 12771 | Orc:2    | Noticed an orc high priest
 12780 | Orc:2    | Killed an orc high priest
 12885 | Orc:2    | Noticed an orc high priest
 12899 | Orc:2    | Killed an orc high priest
 12934 | Orc:2    | Reached skill level 21 in Summonings
 13004 | Orc:2    | Killed an orc warlord
 13005 | Orc:2    | Reached skill level 10 in Spellcasting
 13100 | Orc:2    | Found Nahid's Antique Weapon Shoppe.
 13100 | Orc:2    | Noticed an orc high priest
 13105 | Orc:2    | Killed an orc high priest
 13156 | Orc:2    | Noticed an ettin
 13164 | Orc:2    | Killed an ettin
 13170 | Orc:2    | Killed an orc high priest
 13241 | Orc:2    | Found Obuklich's Jewellery Emporium.
 13464 | Orc:2    | Found Qoizafroxt's Antique Armour Boutique.
 13478 | Orc:2    | Killed an orc high priest
 13772 | Orc:2    | Bought the +3 pair of mountain boots {steadfast, rC+} for
                  | 770 gold pieces
 13772 | Orc:2    | Found the +3 pair of mountain boots {steadfast, rC+}
 13854 | Orc:2    | Bought a potion of might for 56 gold pieces
 13854 | Orc:2    | Bought a potion of ambrosia for 112 gold pieces
 14374 | D:12     | Reached XP level 13. HP: 63/63 MP: 17/30
 14619 | D:12     | Reached skill level 22 in Summonings
 15296 | D:13     | Received a gift from Sif Muna
 15300 | D:13     | Got Sif Muna's Handbook of Helpful Misfortune {god gift}
 15307 | D:13     | Learned a level 5 spell: Summon Forest
 15774 | D:13     | Reached skill level 23 in Summonings
 16808 | D:14     | Reached skill level 24 in Summonings
 16817 | D:14     | Found a gate to the Vaults.
 16822 | D:14     | Reached XP level 14. HP: 56/68 MP: 12/32
 17480 | D:15     | Entered Level 15 of the Dungeon
 17705 | D:15     | Noticed a cyan very ugly thing
 17718 | D:15     | Killed a purple very ugly thing
 17788 | D:15     | Noticed a cyan very ugly thing
 17797 | D:15     | Killed a cyan very ugly thing
 17809 | D:15     | Reached skill level 25 in Summonings
 17812 | D:15     | Found a staircase to the Depths.
 18037 | D:15     | Killed from afar by a meliai

Illustrated notes

Levels and vault maps discovered:
D:1:      giann_forest_graveyard, layout_basic, serial_corexii_hall,
          chequers_hall_statues_wall_a, chequers_hall_statues_wall_a,
          chequers_hall_statues_corner_a, chequers_hall_statues_y
D:2:      layout_basic, grunt_decor_fettered, minmay_rat_hole
D:3:      layout_basic, basic_ecumenical_altar, serial_shops, shop,
          st_stairs_10, uniq_terence
D:4:      layout_loops_ring
D:5:      layout_gridville
D:6:      layout_rooms, temple_statues
D:7:      layout_basic, serial_rivers, chequers_serial_rivers_room_b,
          chequers_serial_rivers_small_b, chequers_serial_rivers_micro_e,
          chequers_serial_rivers_micro_a, chequers_serial_rivers_micro_b,
          serial_shops, shop, nicolae_ossuary_entry_plus,
          kennysheep_generic_room_13
D:8:      layout_cave_pools, minmay_ruffians
D:9:      layout_irregular_city, slow_altar_2, uniq_maurice
D:10:     layout_cave_pools, nicolae_shop_i_like_small_books_too
D:11:     layout_cross, grunt_lair_entry_orc_guard_hut, erik_orc_1,
          david_defended_altar_orc
D:12:     layout_irregular_city, minmay_fractal_squares_gapless_5
D:13:     layout_loops_ring, minmay_evil_grid
D:14:     layout_roguey, erik_vaults_1, hangedman_decor_points
D:15:     gammafunk_enter_depths_forms, layout_rooms
Temple:   compressed_dpeg_triangle_lava_temple
Orc:1:    layout_caves, basic_altar, dreamdust_deal_with_the_devil
Orc:2:    grunt_orc_gardens, layout_caves, grunt_orc_garden, grunt_orc_garden,
          grunt_orc_garden, grunt_orc_garden, basic_altar

Skill      XL: |  1  2  3  4  5  6  7  8  9 10 11 12 13 14 |
---------------+-------------------------------------------+-----
Stealth        | 3 |  3.0
Dodging        | 3 |  3.0
Summonings     | 5 6 7 9 10 13 15 18 20 21 24 25 | 25.3
Spellcasting   | 8 11 12 | 12.0

Action                     |  1- 3 |  4- 6 |  7- 9 | 10-12 | 13-15 || total
---------------------------+-------+-------+-------+-------+-------++-------
  Melee: Unarmed           |     7 |     1 |       |       |       ||     8
   Cast: Summon Small Mamm |    30 |    11 |    29 |    26 |       ||    96
         Call Imp          |    14 |     9 |    15 |    27 |     3 ||    68
         Call Canine Famil |     8 |    15 |    24 |    41 |    11 ||    99
         Summon Guardian G |       |       |    17 |    27 |       ||    44
         Summon Lightning  |       |       |       |    15 |       ||    15
         Summon Horrible T |       |       |       |    34 |    40 ||    74
 Invoke: Channel Magic     |       |       |       |     2 |       ||     2
  Evoke: Wand              |       |       |     2 |     4 |       ||     6
    Use: Potion            |       |       |     5 |       |     1 ||     6
         Scroll            |       |       |       |    22 |     4 ||    26
 Armour: Robe              |     5 |       |     5 |    29 |     5 ||    44
  Dodge: Dodged            |    34 |     5 |    43 |    82 |    18 ||   182
  Block: Other             |     7 |     5 |    12 |    23 |     5 ||    52
         Reflection        |       |       |     3 |     4 |       ||     7
